cohdb
Replays
Latest Replays
All Replays
Popular Replays
Top Player Replays
Match Explorer
How It Works
Community
CoH3 Stats
Reddit
Sign in to upload your games and track your stats! →
Sign in with Steam
Match 42428721
Unlisted
Match 42428721
Overview
Messages
Build Orders
End
Vickers Machine Gun Team
Construct Section Command Post
Selects Indian Artillery Battlegroup
Infantry Section
ML 3-inch Mortar Team
Infantry Section
Selects Artillery Saturation
Construct Platoon Command Post
Selects Off-map Airburst Barrage
CMP 15cwt Truck
6-pounder Anti-tank Gun Team
Construct Company Command Post
turab
FocusFuelOrFaceMyWrath
Spc.ANTIK
Candle
Ferevat
cheesysamurai
Mustache and Melons
GrayFox
0
0
Comments
sign in to comment!
No comments posted yet!